 Dungeon Crawl Stone Soup version 0.30-a0-737-gf23d94013f (webtiles) character file.

Game seed: 3534231613982193544

5166 jimonade the Skirmisher (level 10, -4/51 HPs)
             Began as a Vine Stalker Brigand on Feb 2, 2023.
             Was an Initiate of Ashenzari.
             Slain by a polar bear (6 damage)
             ... on level 9 of the Dungeon.
             The game lasted 00:19:29 (7246 turns).

jimonade the Skirmisher (Vine Stalker Brigand)      Turns: 7246, Time: 00:19:30

Health: -4/51      AC:  8    Str: 15    XL:     10   Next: 59%
Magic:  0/11       EV: 17    Int: 16    God:    Ashenzari [......]
Gold:   430        SH:  5    Dex: 24    Spells: 9/9 levels left

rFire   + . .      SeeInvis .    a - +10 sling "Imp's Doom" {drain, Fly rElec rF+}
rCold   + . .      Faith    .    g - +0 buckler
rNeg    + . .      Spirit   +    p - +3 leather armour of Vlad {Dex+2 Stlth+}
rPois   .          Reflect  .    (no helmet)
rElec   +          Harm     .    X - +0 cloak "Lucs" {rN+ Int+5 Dex+3}
rCorr   .          Rampage  .    (no gloves)
Will    +....                    m - +0 pair of boots
Stlth   +++++                    (no amulet)
HPRegen 1.08/turn                j - +5 ring of evasion
MPRegen 0.12/turn                N - ring of protection from cold

@: flying
A: fangs 3, regeneration 1, magic shield, antimagic bite, no potion heal 2
a: Renounce Religion


You were on level 9 of the Dungeon.
You worshipped Ashenzari.
Ashenzari was noncommittal.
You visited 2 branches of the dungeon, and saw 10 of its levels.

You collected 430 gold pieces.

Inventory:

Hand Weapons
 a - the +10 sling "Imp's Doom" (weapon) {drain, Fly rElec rF+}
   (You found it on level 2 of the Dungeon)

   rF:        It protects you from fire.
   rElec:     It insulates you from electricity.
   Fly:       It grants you flight.
 b - a +2 short sword of electrocution
 w - a +0 dagger of protection
 y - a +2 dagger
 A - a +0 short sword of distortion
 O - the +7 trident of Silonwerui {elec, Str+2}
   (You found it on level 7 of the Dungeon)

   Str:       It affects your strength (+2).
Missiles
 d - 28 poisoned darts
 e - 3 curare-tipped darts
 k - 93 stones
 K - 7 boomerangs
 L - 2 atropa-tipped darts
 P - 5 silver javelins
Armour
 c - the +1 robe of the Dungeon {rN++ Int-4 Dex+5}
   (You found it on level 9 of the Dungeon)

   Int:       It affects your intelligence (-4).
   Dex:       It affects your dexterity (+5).
   rN:        It greatly protects you from negative energy.
 g - a +0 buckler (worn)
 m - a +0 pair of boots (worn)
 p - the +3 leather armour of Vlad (worn) {Dex+2 Stlth+}
   (You found it on level 9 of the Dungeon)

   Dex:       It affects your dexterity (+2).
   Stlth:     It makes you more stealthy.
 F - a +1 chain mail of cold resistance
 X - the +0 cloak "Lucs" (worn) {rN+ Int+5 Dex+3}
   (You found it on level 8 of the Dungeon)

   Int:       It affects your intelligence (+5).
   Dex:       It affects your dexterity (+3).
   rN:        It protects you from negative energy.
Jewellery
 j - a +5 ring of evasion (left hand)
 H - a ring of protection from fire
 N - a ring of protection from cold (right hand)
 V - a ring of positive energy
Wands
 n - a wand of acid (9)
 B - a wand of mindburst (18)
 E - a wand of paralysis (34)
Scrolls
 f - 2 scrolls of vulnerability {unknown}
 h - 3 scrolls of amnesia {unknown}
 l - 2 scrolls of fear {unknown}
 r - 7 scrolls of teleportation {unknown}
 s - 8 scrolls of identify {unknown}
 t - a scroll of torment {unknown}
 u - 6 scrolls of immolation {unknown}
 v - 2 scrolls of blinking {unknown}
 x - 2 scrolls of magic mapping {unknown}
 z - a scroll of fog {unknown}
 C - a scroll of acquirement {unknown}
 J - a scroll of enchant armour {unknown}
 S - 3 scrolls of poison {unknown}
 T - a scroll of summoning {unknown}
 U - 3 scrolls of noise {unknown}
Potions
 i - a potion of might {unknown}
 o - a potion of attraction {unknown}
 q - 2 potions of curing {unknown}
 G - a potion of haste {unknown}
 I - 2 potions of berserk rage {unknown}
 M - 2 potions of heal wounds {unknown}
 Q - 2 potions of lignification {unknown}
 W - a potion of mutation {unknown}


   Skills:
 + Level 5.0 Fighting
 - Level 2.4 Short Blades
 * Level 12.1 Ranged Weapons
 - Level 1.9 Throwing
 + Level 2.0 Armour
 + Level 1.6 Dodging
 - Level 6.7 Stealth
 + Level 1.3 Shields


You had 9 spell levels left.
You didn't know any spells.
Your spell library contained the following spells:

 Spells                   Type           Power      Damage    Failure   Level
 Freeze                   Ice            0%         1d3       38%         1
 Frozen Ramparts          Ice            0%         1d1       77%         3
 Hailstorm                Conj/Ice       0%         3d3       77%         3
 Tukima's Dance           Hex            0%         N/A       77%         3
 Passage of Golubria      Tloc           0%         N/A       99%         4
 Summon Forest            Summ/Tloc      0%         N/A       100%        5
 Yara's Violent Unravell  Hex/Tmut       0%         3d3       100%        5
 Eringya's Noxious Bog    Tmut/Pois      0%         N/A       100%        6
 Summon Hydra             Summ           0%         N/A       100%        7


Dungeon Overview and Level Annotations

Branches:
Dungeon (9/15)             Temple (1/1) D:4
   Lair: D:8-11         Orc: D:9-12

Altars:
Ashenzari
Cheibriados
Dithmenos
Elyvilon
Fedhas
Gozag
Hepliaklqana
Kikubaaqudgha
Makhleb
Nemelex Xobeh
Okawaru
Qazlal
Ru
Sif Muna
Trog
Uskayaw
Vehumet
Xom
Yredelemnul

Shops:
D:6 :   D:8 (

Annotations:
D:7 exclusion: downstairs


Innate Abilities, Weirdness & Mutations

You have razor-sharp teeth.
Your natural rate of healing is unusually fast.
When hurt, damage is shared between your health and your magic reserves.
Your bite disrupts and absorbs the magic of your enemies.
Potions cannot restore your health.


Message History

The polar bear claws you but does no damage.
Fire: a) +10 sling "Imp's Doom" {drain, Fly rElec rF+}
Press: ? - help, Q - select action, (/) - cycle Shift-Dir - straight line, f/p - polar bear
Aim: a polar bear (almost dead, berserk, lightly drained, 80% to hit)
You shoot a sling bullet.
The sling bullet barely misses the polar bear.
The polar bear bites you!
The polar bear claws you but does no damage.
The polar bear closely misses you. The polar bear bites you!
* * * LOW HITPOINT WARNING * * *
You block the polar bear's attack.
The polar bear claws you but does no damage.
Fire: a) +10 sling "Imp's Doom" {drain, Fly rElec rF+}
Press: ? - help, Q - select action, (/) - cycle Shift-Dir - straight line, f - you, p - polar bear
Okay, then.
Unknown command.
Okay, then.
Okay, then.
Unknown command.
Fire: a) +10 sling "Imp's Doom" {drain, Fly rElec rF+}
Press: ? - help, Q - select action, (/) - cycle Shift-Dir - straight line, f/p - polar bear
Aim: a polar bear (almost dead, berserk, lightly drained, 80% to hit)
You shoot a sling bullet.
The sling bullet hits the polar bear but does no damage.
The polar bear is almost dead.
The ice beast hits you.
* * * LOW HITPOINT WARNING * * *
The ice beast freezes you. You resist.
* * * LOW HITPOINT WARNING * * *
You block the polar bear's attack.
The polar bear claws you but does no damage.
The polar bear closely misses you. The wolf barely misses you.
Fire: a) +10 sling "Imp's Doom" {drain, Fly rElec rF+}
Press: ? - help, Q - select action, (/) - cycle Shift-Dir - straight line, f/p - polar bear
Aim: a polar bear (almost dead, berserk, lightly drained, 80% to hit)
You shoot a sling bullet.
The sling bullet hits the polar bear but does no damage.
The polar bear is almost dead.
The ice beast misses you. The polar bear bites you.
You die...

###........#.....##....#####
$)#.#####..#.._...+.)..#
>$#.....#..#._8_..#.)..#
$[#.....#....._..##....#
###.....#..............#
........#..............# #.
.......##..................
...<...#...................
...............h@.....#....
.......######...hY.........
.......# ##...#h...#......
.......# #....#.###....#..
.......#####...#.'....=..#
.......##.###..###......##
##+###.#...###.....#...†.#
............#..............
......................#..#.


You could see a polar bear (berserk, drained), an ice beast and 2 wolves.

Vanquished Creatures
  Pikel (D:9)
  A rime drake (D:9)
  3 yaks (D:8)
  2 steam dragons
  4 water moccasins
  4 orc warriors
  3 ogres
  8 centaurs
  2 wolves (D:9)
  Blork the orc (D:5)
  A bullfrog (D:9)
  3 scorpions
  13 wights
  6 hounds
  2 jellies (D:5)
  3 orc priests
  Terence (D:2)
  5 iguanas
  Ijyb (D:5)
  7 orc wizards
  11 adders
  A shadow imp (D:6)
  3 white imps
  2 ufetubi
  A worm (D:3)
  2 dart slugs
  36 orcs
  2 bats (D:3)
  4 endoplasms
  2 giant cockroaches (D:4)
  11 goblins
  3 hobgoblins
  9 jackals
  8 quokkas
  7 ball pythons
  2 frilled lizards (D:2)
  7 kobolds
  5 rats
187 creatures vanquished.

Notes
Turn   | Place    | Note
-------+----------+-------------------------------------------
     0 | D:1      | jimonade the Vine Stalker Brigand began the quest for the
                  | Orb.
     0 | D:1      | Reached XP level 1. HP: 11/11 MP: 2/2
    78 | D:1      | Reached skill level 5 in Stealth
   140 | D:1      | Reached XP level 2. HP: 12/15 MP: 3/3
  1058 | D:1      | Reached XP level 3. HP: 16/18 MP: 2/4
  1245 | D:2      | Noticed Terence
  1248 | D:2      | Killed Terence
  1249 | D:2      | Reached skill level 1 in Dodging
  1249 | D:2      | Gained mutation: Your natural rate of healing is unusually
                  | fast. [Vine Stalker growth]
  1249 | D:2      | Reached XP level 4. HP: 23/23 MP: 5/5
  1411 | D:2      | Identified the +10 sling "Imp's Doom" {drain, Fly rElec
                  | rF+}
  1632 | D:2      | You are sucked into a shaft and drop 1 floor!
  1765 | D:3      | Noticed a water moccasin
  1767 | D:3      | Killed a water moccasin
  1768 | D:3      | Reached skill level 2 in Ranged Weapons
  1768 | D:3      | Reached XP level 5. HP: 27/27 MP: 6/6
  1882 | D:3      | Reached XP level 6. HP: 31/31 MP: 7/7
  2579 | D:4      | Reached skill level 3 in Ranged Weapons
  2660 | D:4      | Found a staircase to the Ecumenical Temple.
  2669 | Temple   | Entered the Ecumenical Temple
  2863 | D:4      | Reached skill level 4 in Ranged Weapons
  2997 | D:4      | Reached XP level 7. HP: 35/35 MP: 8/8
  3130 | D:4      | Reached skill level 5 in Ranged Weapons
  3202 | D:4      | Found a burning altar of Makhleb.
  3309 | D:5      | Entered Level 5 of the Dungeon
  3493 | D:5      | Noticed Blork the orc
  3498 | D:5      | Killed Blork the orc
  3584 | D:5      | Noticed Ijyb
  3592 | D:5      | Killed Ijyb
  3593 | D:5      | Reached skill level 6 in Ranged Weapons
  3673 | D:5      | Gained mutation: You have razor-sharp teeth. [Vine Stalker
                  | growth]
  3673 | D:5      | Reached XP level 8. HP: 39/39 MP: 9/9
  4314 | D:6      | Reached skill level 7 in Ranged Weapons
  4349 | D:6      | Found Putao's Book Emporium.
  4750 | D:7      | Reached skill level 8 in Ranged Weapons
  4750 | D:7      | Reached skill level 1 in Shields
  5012 | D:7      | Reached skill level 1 in Armour
  5012 | D:7      | Reached XP level 9. HP: 34/44 MP: 7/10
  5086 | D:7      | Reached skill level 9 in Ranged Weapons
  5191 | D:7      | Identified the +7 trident of Silonwerui {elec, Str+2}
  5254 | D:7      | Found a shimmering blue altar of Sif Muna.
  5935 | D:7      | Reached skill level 10 in Ranged Weapons
  6108 | D:8      | Found Loreizai's Weapon Emporium.
  6206 | D:8      | Reached XP level 10. HP: 27/49 MP: 4/11
  6403 | D:8      | Reached skill level 11 in Ranged Weapons
  6490 | D:8      | Found a sacrificial altar of Ru.
  6614 | D:8      | Identified the +0 cloak "Lucs" {rN+ Int+5 Dex+3}
  6983 | D:9      | Identified the +1 robe of the Dungeon {rN++ Int-4 Dex+5}
  7010 | D:9      | Found a broken altar of Ashenzari.
  7010 | D:9      | Found a snail-covered altar of Cheibriados.
  7011 | D:9      | Found a hide-covered altar of Uskayaw.
  7011 | D:9      | Found a bloodstained altar of Trog.
  7016 | D:9      | Became a worshipper of Ashenzari the Shackled
  7034 | D:9      | Noticed Pikel
  7038 | D:9      | Killed Pikel
  7049 | D:9      | Identified the +3 leather armour of Vlad {Dex+2 Stlth+}
  7221 | D:9      | Reached skill level 5 in Fighting
  7221 | D:9      | Reached skill level 12 in Ranged Weapons
  7245 | D:9      | HP: 1/51 [ice beast (3)]
  7246 | D:9      | Slain by a polar bear

Illustrated notes

Levels and vault maps discovered:
D:1:      sevenhm_arrival_forest_fort_small_5, layout_basic, nicolae_titane
D:2:      layout_loops_ring, uniq_terence
D:3:      layout_basic, minmay_misc_feat_secret_circle
D:4:      kennysheep_six_static_rooms, layout_cave_pools,
          makhleb_heckhound_becter
D:5:      layout_basic, uniq_blork_the_orc, uniq_ijyb
D:6:      layout_rooms, serial_shops, nicolae_shop_waterfront
D:7:      layout_basic, nicolae_overflow_crystal_walls, centaur_isle
D:8:      layout_loops_ring, nicolae_ru_awakened_eye, serial_shops,
          nicolae_shop_stone
D:9:      layout_irregular_city, chequers_temple_overflow_statue_of_worship,
          hellmonk_lair_entry_icy, nicolae_straight_to_the_point, uniq_pikel
Temple:   nicolae_temple_hex_pool

Skill      XL: |  1  2  3  4  5  6  7  8  9 10 |
---------------+-------------------------------+-----
Stealth        | 5 6 |  6.7
Fighting       | 2 3 4 5 |  5.0
Short Blades   | 2 |  2.4
Dodging        | 1 |  1.6
Ranged Weapons | 2 4 6 8 10 12 | 12.1
Shields        | 1 |  1.3
Armour         | 1 2 |  2.0
Throwing       | |  1.9

Action                     |  1- 3 |  4- 6 |  7- 9 | 10-12 || total
---------------------------+-------+-------+-------+-------++-------
  Melee: Dagger            |    59 |    21 |       |       ||    80
         Bite              |     8 |     4 |       |       ||    12
   Fire: Sling             |       |    92 |   258 |    91 ||   441
   Stab: Sleeping          |     8 |     2 |       |       ||    10
 Armour: Robe              |    12 |     4 |       |       ||    16
         Ring mail         |       |       |    20 |       ||    20
         Leather armour    |       |       |       |    16 ||    16
  Dodge: Dodged            |    29 |    21 |    69 |    42 ||   161
  Block: Buckler           |     4 |     5 |    22 |     6 ||    37

Table legend: (Time is in decaauts)
 A = Elapsed time spent in this place.
 B = Non-inter-level travel time spent in this place.
 C = Inter-level travel time spent in this place.
 D = Time resting spent in this place.
 E = Time spent auto-exploring this place.
 F = Levels seen in this place.
 G = Mean time per level.
                   A        B        C        D        E       F      G
               +--------+--------+--------+--------+--------+-----+--------+
         Total |   7309 |   6797 |    512 |    282 |   5268 |  10 |  730.9 |
       Dungeon |   7219 |   6723 |    496 |    282 |   5216 |   9 |  802.1 |
        Temple |     89 |     73 |     16 |      0 |     52 |   1 |   89.0 |
               +--------+--------+--------+--------+--------+-----+--------+

Top non-repeatable levels by time:
     D:7: 1362 daAuts
     D:1: 1166 daAuts
     D:5: 978 daAuts
     D:2: 889 daAuts
     D:8: 800 daAuts
     D:4: 676 daAuts
     D:3: 521 daAuts
     D:6: 468 daAuts
     D:9: 354 daAuts
  Temple: 89 daAuts
